 Dungeon Sprint DCSS version 0.27-a0-216-g1fbed8a51c (webtiles) character file.

Game seed: 5635062895908768229

19126 mhtbhm the Severer (level 12, -6/125 HPs)
             Began as a Minotaur Fighter on Feb 1, 2021.
             Was the Champion of Trog.
             Killed from afar by an electric golem (31 damage)
             ... with a bolt of lightning
             ... in the Dungeon (Sprint VII: "The Pits").
             The game lasted 00:06:03 (4506 turns).

mhtbhm the Severer (Minotaur Fighter)               Turns: 4506, Time: 00:06:03

Health: -6/125     AC: 18    Str: 30    XL:     12   Next: 33%
Magic:  11/11      EV: 11    Int:  5    God:    Trog [******]
Gold:   0          SH: 15    Dex:  9    Spells: 11/11 levels left

rFire    + + .     SeeInvis .   a - +1 war axe of Magnificence {vorpal, *Drain +Rage +Inv rF++}
rCold    + . .     Faith    .   c - +0 kite shield
rNeg     . . .     Spirit   .   b - +2 chain mail {rC+}
rPois    .         Reflect  .   r - +0 hat {Will+}
rElec    .         Harm     .   B - scarf {+Inv}
rCorr    .         Rampage  .   (no gloves)
Will     +....     NoTele   +   (no boots)
Stlth    ..........             (no amulet)
HPRegen  0.30/turn              n - +3 ring of strength
MPRegen  0.12/turn              o - +3 ring of protection

@: berserk cooldown, slowed, very slow
A: retaliatory headbutt, horns 2
a: Renounce Religion, Evoke Berserk Rage, Evoke Invisibility, Berserk, Trog's
Hand, Brothers in Arms


You were in the Dungeon.
You worshipped Trog.
Trog was exalted by your worship.
You visited 1 branch

Inventory:

Hand Weapons
 a - the +1 war axe of Magnificence (weapon) {vorpal, *Drain +Rage +Inv rF++}
   (Trog gifted it to you in the Dungeon)

   It inflicts extra damage upon your enemies.
   It greatly protects you from fire.
   It lets you turn invisible.
   It lets you go berserk.
   It causes draining when unequipped.
 q - a +1 vorpal broad axe
 s - a +6 demon whip of flaming
 t - a +1 vorpal broad axe
 C - a +6 antimagic broad axe
Armour
 b - a +2 chain mail of cold resistance (worn)
 c - a +0 kite shield (worn)
 r - a +0 hat of willpower (worn)
 B - a scarf of invisibility (worn)
Jewellery
 n - a +3 ring of strength (left hand)
 o - a +3 ring of protection (right hand)
 x - an uncursed ring of protection from fire
 z - an uncursed ring of positive energy
Scrolls
 j - 4 scrolls of enchant armour
 l - 4 scrolls of remove curse
 m - a scroll of summoning
 u - 3 scrolls of fear
 v - 2 scrolls of identify
 w - 2 scrolls of blinking
 y - a scroll of magic mapping
Potions
 d - 3 potions of might
 e - 8 potions of curing
 f - 14 potions of heal wounds
 g - 4 potions of haste
 h - 4 potions of magic
 i - 5 potions of berserk rage
 k - 2 potions of invisibility
 p - 4 potions of mutation
 A - a potion of flight


   Skills:
 + Level 17.3 Fighting
 + Level 18.9(20.1) Axes
 + Level 12.8(17.2) Maces & Flails
 + Level 15.4 Armour
 + Level 5.6 Dodging
 + Level 2.9 Stealth
 + Level 16.7 Shields


You had 11 spell levels left.
You didn't know any spells.
Your spell library was empty.

Dungeon Overview and Level Annotations

Branches:
Dungeon (1/1)

Altars:
Cheibriados
Dithmenos
Elyvilon
Fedhas
Gozag
Hepliaklqana
Makhleb
Nemelex Xobeh
Okawaru
Qazlal
Ru
Sif Muna
Trog
Vehumet
Wu Jian
Xom
Yredelemnul
Zin
The Shining One
Beogh
Jiyva
Lugonu


Innate Abilities, Weirdness & Mutations

You reflexively headbutt those who attack you in melee.
You have a pair of horns on your head.


Message History

You are too injured to fight recklessly!
You are too injured to fight recklessly!
You are too injured to fight recklessly!
You are too injured to fight recklessly!
You are too injured to fight recklessly!
You are too injured to fight recklessly!
You barely miss the electric golem.
The electric golem is heavily damaged.
The electric golem blinks!
There is an open door here.
You feel a strong urge to attack something.
You are no longer berserk.
Trog's vigour flows through your veins.
You are exhausted.
You feel yourself slow down.
The electric golem hurls lightning at you.
The bolt of lightning hits you!!
* * * LOW HITPOINT WARNING * * *
The bolt of lightning hits you!!
You die...

#+# #.# #ยง# #@#
#8# #)# #'#
################'#
...).)...........#
....))...........#
+##############..#
#..#


You could see an electric golem.

Vanquished Creatures
  A Tzitzimitl (D)
  Gastronok (D)
  A war gargoyle (D)
  2 boulder beetles (D)
  2 merfolk avatars (D)
  A death knight (D)
  A sun demon (D)
  A fire crab (D)
  A shadow wraith (D)
  2 orc knights (D)
  A phantasmal warrior (D)
  A deep elf zephyrmancer (D)
  A manticore (D)
  A black mamba (D)
  A cane toad (D)
  A gargoyle (D)
  A smoke demon (D)
  A kobold demonologist (D)
  A demonic crawler (D)
  A freezing wraith (D)
  A guardian mummy (D)
  A yaktaur (D)
  5 blink frogs (D)
  A redback (D)
  3 tarantellas (D)
  A wyvern (D)
  5 orc warriors (D)
  A floating eye (D)
  2 swamp drakes (D)
  An eye of draining (D)
  A sky beast (D)
  A necrophage (D)
  2 phantoms (D)
  A black bear (D)
  A wolf (D)
  An ogre (D)
  A centaur (D)
  4 big kobolds (D)
  A jelly (D)
  2 gnoll shamans (D)
  2 worker ants (D)
  A hell rat (D)
  A mummy (D)
  9 gnolls (D)
  A river rat (D)
  2 white imps (D)
  An ooze (D)
  An adder zombie (D)
  7 orcs (D)
  2 ball pythons (D)
  A bat zombie (D)
  A goblin (D)
  4 jackals (D)
  4 quokkas (D)
  A quokka simulacrum (D)
97 creatures vanquished.

Vanquished Creatures (collateral kills)
  2 two-headed ogres (D)
  An orc sorcerer (D)
  A tarantella (D)
4 creatures vanquished.

Vanquished Creatures (others)
  A big kobold (D)
  A hobgoblin (D)
  2 kobolds (D)
  A rat (D)
5 creatures vanquished.

Grand Total: 106 creatures vanquished

Notes
Turn   | Place    | Note
-------+----------+-------------------------------------------
     0 | D        | mhtbhm the Minotaur Fighter began the quest for the Orb.
     0 | D        | Reached XP level 1. HP: 19/19 MP: 0/0
     9 | D        | Noticed a floating eye
    10 | D        | Paralysed by a floating eye for 3 turns
    15 | D        | Killed a floating eye
    16 | D        | Reached skill level 4 in Axes
    16 | D        | Reached XP level 2. HP: 31/31 MP: 1/1
    16 | D        | Reached XP level 3. HP: 38/38 MP: 2/2
    16 | D        | Reached XP level 4. HP: 45/45 MP: 3/3
    20 | D        | Found a bloodstained altar of Trog.
    20 | D        | Found a shimmering blue altar of Sif Muna.
    20 | D        | Found a viscous altar of Jiyva.
    20 | D        | Found a hazy altar of Hepliaklqana.
    20 | D        | Found an opulent altar of Gozag.
    21 | D        | Found a glowing golden altar of the Shining One.
    21 | D        | Found a glowing silver altar of Zin.
    21 | D        | Found a basalt altar of Yredelemnul.
    21 | D        | Found a shimmering altar of Xom.
    21 | D        | Found an ornate altar of the Wu Jian Council.
    21 | D        | Found a sacrificial altar of Ru.
    21 | D        | Found a stormy altar of Qazlal.
    21 | D        | Found an iron altar of Okawaru.
    21 | D        | Found a sparkling altar of Nemelex Xobeh.
    21 | D        | Found a burning altar of Makhleb.
    21 | D        | Found a blossoming altar of Fedhas.
    21 | D        | Found a white marble altar of Elyvilon.
    21 | D        | Found a shadowy altar of Dithmenos.
    21 | D        | Found a snail-covered altar of Cheibriados.
    23 | D        | Found a radiant altar of Vehumet.
    23 | D        | Found a corrupted altar of Lugonu.
    23 | D        | Found a roughly hewn altar of Beogh.
    25 | D        | Became a worshipper of Trog the Wrathful
    71 | D        | Reached * piety under Trog
    78 | D        | Reached ** piety under Trog
    85 | D        | Reached *** piety under Trog
    89 | D        | Reached skill level 5 in Axes
    89 | D        | Reached XP level 5. HP: 53/53 MP: 4/4
    92 | D        | Reached **** piety under Trog
    95 | D        | Reached skill level 6 in Axes
   216 | D        | Noticed a phantom
   217 | D        | Noticed a centaur
   217 | D        | Noticed a black bear
   228 | D        | Reached skill level 7 in Axes
   228 | D        | Reached XP level 6. HP: 56/62 MP: 5/5
   235 | D        | Reached ***** piety under Trog
   236 | D        | Reached skill level 8 in Axes
   236 | D        | Reached skill level 1 in Dodging
   242 | D        | Reached skill level 9 in Axes
   263 | D        | Reached XP level 7. HP: 46/70 MP: 6/6
   293 | D        | Reached skill level 10 in Axes
   293 | D        | Reached skill level 10 in Shields
   489 | D        | Received a gift from Trog
   499 | D        | Reached skill level 10 in Armour
   503 | D        | Reached skill level 11 in Axes
   506 | D        | Reached skill level 10 in Fighting
   559 | D        | Reached skill level 1 in Maces & Flails
   693 | D        | Received a gift from Trog
   695 | D        | Killed a shadow wraith
   696 | D        | Reached skill level 12 in Axes
   696 | D        | Reached XP level 8. HP: 67/80 MP: 7/7
   701 | D        | Noticed a cane toad
   703 | D        | Noticed a kobold demonologist
   706 | D        | Reached skill level 13 in Axes
   706 | D        | Noticed a smoke demon
   711 | D        | Killed a cane toad
   712 | D        | Reached XP level 9. HP: 86/86 MP: 8/8
   712 | D        | Killed a smoke demon
   713 | D        | Reached skill level 14 in Axes
   713 | D        | Reached skill level 5 in Maces & Flails
   715 | D        | Killed a kobold demonologist
   715 | D        | Reached ****** piety under Trog
   715 | D        | Received a gift from Trog
   861 | D        | Noticed a boulder beetle
   874 | D        | Killed a boulder beetle
   957 | D        | Noticed Gastronok
   968 | D        | Killed Gastronok
   969 | D        | Reached skill level 15 in Axes
   969 | D        | Reached skill level 1 in Stealth
   969 | D        | Reached XP level 10. HP: 73/97 MP: 9/9
  1061 | D        | Noticed a fire crab
  1074 | D        | Killed a fire crab
  1391 | D        | Noticed a deep elf zephyrmancer
  1393 | D        | Noticed a merfolk avatar
  1405 | D        | Reached skill level 16 in Axes
  1411 | D        | Killed a deep elf zephyrmancer
  1412 | D        | Reached skill level 10 in Maces & Flails
  1414 | D        | Killed a merfolk avatar
  1570 | D        | Noticed a black mamba
  1570 | D        | Noticed a phantasmal warrior
  1583 | D        | Killed a black mamba
  1583 | D        | Killed a phantasmal warrior
  1598 | D        | Received a gift from Trog
  1802 | D        | Got a jewelled war axe {god gift}
  1803 | D        | Identified the +1 war axe of Magnificence {vorpal, *Drain
                  | +Rage +Inv rF++} (Trog gifted it to you in the Dungeon)
  2004 | D        | Noticed an orc knight
  2010 | D        | Reached XP level 11. HP: 107/107 MP: 10/10
  2011 | D        | Killed an orc knight
  2012 | D        | Reached skill level 15 in Shields
  2018 | D        | Received a gift from Trog
  2124 | D        | Noticed a boulder beetle
  2158 | D        | Killed a boulder beetle
  2390 | D        | Noticed a two-headed ogre
  2391 | D        | Noticed an orc sorcerer
  2392 | D        | Noticed a two-headed ogre
  2397 | D        | Killed a two-headed ogre
  2398 | D        | Killed a two-headed ogre
  2400 | D        | Reached skill level 17 in Axes
  2408 | D        | Received a gift from Trog
  2411 | D        | Paralysed by an orc sorcerer for 4 turns
  2412 | D        | Killed an orc sorcerer
  2682 | D        | Noticed a death knight
  2701 | D        | Killed a death knight
  2702 | D        | Reached skill level 15 in Fighting
  3380 | D        | Received a gift from Trog
  3594 | D        | Reached skill level 5 in Dodging
  3772 | D        | Noticed a sun demon
  3773 | D        | Noticed an orc knight
  3783 | D        | Killed a sun demon
  3783 | D        | Received a gift from Trog
  3791 | D        | Killed an orc knight
  3975 | D        | Noticed a merfolk avatar
  3979 | D        | Reached skill level 18 in Axes
  3985 | D        | Killed a merfolk avatar
  3985 | D        | Received a gift from Trog
  3986 | D        | Reached XP level 12. HP: 122/122 MP: 11/11
  4041 | D        | Noticed a Tzitzimitl
  4063 | D        | Killed a Tzitzimitl
  4064 | D        | Reached skill level 15 in Armour
  4443 | D        | Noticed a war gargoyle
  4447 | D        | Killed a war gargoyle
  4447 | D        | Received a gift from Trog
  4492 | D        | Noticed an electric golem
  4506 | D        | Killed from afar by an electric golem

Illustrated notes

Levels and vault maps discovered:
D:        pitsprint [storerooms_1, entrance_room_1, metal_vault_6, armoury_3,
          mini_pit_1, grid_room_1, main_hall_1, silver_pit, the_coven_3,
          the_vestibule_1, steel_vault_2, golden_pit, hallway_of_sentries,
          crystal_vault_1, iron_vault_1, final_vault]

Skill      XL: |  1  2  3  4  5  6  7  8  9 10 11 12 |
---------------+-------------------------------------+-----
Fighting       | 6 7 8 9 10 12 13 16 17 | 17.3
Axes           | 4 5 7 9 12 13 15 16 18 | 18.9
Armour         | 6 7 8 9 10 11 12 14 15 | 15.4
Shields        | 6 7 8 9 11 12 14 16 | 16.7
Dodging        | 1 2 3 5 |  5.6
Maces & Flails | 3 4 8 11 12 | 12.8
Stealth        | 1 2 |  2.9

Action                   |  1- 3 |  4- 6 |  7- 9 | 10-12 || total
-------------------------+-------+-------+-------+-------++-------
Melee: War axe           |     3 |       |       |   142 ||   145
       Headbutt          |     1 |     6 |    16 |    39 ||    62
       Hand axe          |       |    50 |    28 |       ||    78
       Demon whip        |       |       |    30 |    26 ||    56
       Broad axe         |       |       |    15 |    18 ||    33
Invok: Berserk           |       |     1 |     2 |    12 ||    15
       Brothers in Arms  |       |       |       |     2 ||     2
  Use: Potion            |       |       |       |     4 ||     4
       Scroll            |       |       |       |     1 ||     1
Armor: Scale mail        |       |     7 |       |       ||     7
       Chain mail        |       |    15 |    19 |    47 ||    81
Dodge: Dodged            |       |    18 |     6 |    40 ||    64
Block: Kite shield       |       |    36 |    25 |    93 ||   154

Table legend: (Time is in decaauts)
 A = Elapsed time spent in this place.
 B = Non-inter-level travel time spent in this place.
 C = Inter-level travel time spent in this place.
 D = Time resting spent in this place.
 E = Time spent auto-exploring this place.
 F = Levels seen in this place.
 G = Mean time per level.
                   A        B        C        D        E       F      G
               +--------+--------+--------+--------+--------+-----+--------+
         Total |   4552 |   4552 |      0 |   3533 |     30 |   1 | 4552.0 |
       Dungeon |   4552 |   4552 |      0 |   3533 |     30 |   1 | 4552.0 |
               +--------+--------+--------+--------+--------+-----+--------+

Top non-repeatable levels by time:
       D: 4552 daAuts
